MAA
SALEM MISFITS @ NORTONVILLE CHEROKEES
08/25/2017
 
TOP OF THE 1ST
Salem Misfits batting - Pitching for Nortonville Cherokees : RHP Jim Unknown
Pitching: RHP Jim Unknown
Batting: RHB Ignacio García 0-0: Called Strike
0-1: Fly out, F8 (Flyball, 78M)
Batting: RHB Jim Unknown 0-0: Called Strike
0-1: Ball
1-1: Ball
2-1: Ball
3-1: Fly out, F9 (Flyball, 9D)
Batting: RHB Jim Unknown 0-0: Ball
1-0: Foul Ball, location: 2F
1-1: Foul Ball, location: 2F
1-2: Strikes out swinging
Top of the 1st over - 0 run(s), 0 hit(s), 0 error(s), 0 left on base; Salem 0 - Nortonville 0
BOTTOM OF THE 1ST
Nortonville Cherokees batting - Pitching for Salem Misfits : RHP Josh Gardner
Pitching: RHP Josh Gardner
Batting: RHB Chris Oudekirk 0-0: Ball
1-0: Swinging Strike
1-1: Ball
2-1: Ball
3-1: Foul Ball, location: 2F
3-2: Foul Ball, location: 2F
3-2: Base on Balls
Batting: SHB Jim Unknown 0-0: SINGLE (Groundball, 4M)
Chris Oudekirk to second
Batting: RHB Ernest Lee 0-0: Called Strike
0-1: Ball
1-1: SINGLE (Groundball, 3D)
Chris Oudekirk to third
Jim Unknown to second
Batting: RHB Greg Terry 0-0: Ball
1-0: SINGLE (Groundball, 56D)
Chris Oudekirk scores
Jim Unknown to third
Ernest Lee to second
Batting: RHB Jean Lemaire 0-0: Ball
1-0: Foul Ball, location: 2F
1-1: Foul Ball, location: 2F
1-2: Strikes out looking
Batting: RHB Joel Lee 0-0: Fly out, F3 (Line Drive, 3)
Batting: LHB Francisco Sánchez 0-0: Ball
1-0: Ball
2-0: Swinging Strike
2-1: SINGLE (Line Drive, 5D)
Jim Unknown scores
Ernest Lee to third
Greg Terry to second
Runner from 3rd tries for Home, SAFE, no throw or cutoff
Batting: RHB Sapto Mainaky 0-0: Ball
1-0: Called Strike
1-1: Ball
2-1: 3-RUN HOME RUN (Flyball, 7LD), Distance : 362 ft
Batting: RHB Roy Childress 0-0: Ball
1-0: Called Strike
1-1: SINGLE (Line Drive, 6D)
Pitching: RHP Dave Hindman
Batting: RHB Chris Oudekirk 0-0: Ground out 1-3 (Groundball, 13)
Bottom of the 1st over - 6 run(s), 6 hit(s), 0 error(s), 1 left on base; Salem 0 - Nortonville 6
TOP OF THE 2ND
Salem Misfits batting - Pitching for Nortonville Cherokees : RHP Jim Unknown
Batting: LHB Jim Unknown 0-0: Called Strike
0-1: Ball
1-1: Called Strike
1-2: Ball
2-2: Foul Ball, location: 2F
2-2: Strikes out swinging
Batting: LHB Jim Unknown 0-0: Called Strike
0-1: Swinging Strike
0-2: Strikes out swinging
Batting: RHB Miguel Torres 0-0: Ball
1-0: Ball
2-0: Called Strike
2-1: Foul Ball, location: 2F
2-2: Strikes out swinging
Top of the 2nd over - 0 run(s), 0 hit(s), 0 error(s), 0 left on base; Salem 0 - Nortonville 6
BOTTOM OF THE 2ND
Nortonville Cherokees batting - Pitching for Salem Misfits : RHP Dave Hindman
Batting: SHB Jim Unknown 0-0: Ball
1-0: Foul Ball, location: 2F
1-1: Ball
2-1: Ball
3-1: Base on Balls
Batting: RHB Ernest Lee 0-0: Ball
1-0: Fly out, F9 (Flyball, 9LM)
Batting: RHB Greg Terry 0-0: Called Strike
0-1: Ball
1-1: Fly out, F8 (Flyball, 8RM)
Batting: RHB Jean Lemaire 0-0: Called Strike
0-1: Ball
1-1: Ball
2-1: Foul Ball, location: 2F
2-2: Foul Ball, location: 2F
2-2: Ball
3-2: Strikes out swinging
Bottom of the 2nd over - 0 run(s), 0 hit(s), 0 error(s), 1 left on base; Salem 0 - Nortonville 6
TOP OF THE 3RD
Salem Misfits batting - Pitching for Nortonville Cherokees : RHP Jim Unknown
Batting: RHB Jim Unknown 0-0: Ball
1-0: Ball
2-0: DOUBLE (Line Drive, 9LM)
Batting: RHB Jim Unknown 0-0: Ball
1-0: DOUBLE (Line Drive, 4M)
Jim Unknown scores
Batting: RHB Jim Unknown 0-0: Fly out, F9 (Flyball, 89M)
Batting: RHB Ignacio García 0-0: Foul Ball, location: 2F
0-1: Ground out 5-3 (Groundball, 56S)
Jim Unknown to third
Batting: RHB Jim Unknown 0-0: Foul Ball, location: 2F
0-1: Foul Ball, location: 2F
0-2: Ball
1-2: Ball
2-2: SINGLE (Groundball, 56)
Jim Unknown scores
Batting: RHB Jim Unknown 0-0: Ball
1-0: Foul Ball, location: 2F
1-1: Ball
2-1: Swinging Strike
2-2: Strikes out swinging
Top of the 3rd over - 2 run(s), 3 hit(s), 0 error(s), 1 left on base; Salem 2 - Nortonville 6
BOTTOM OF THE 3RD
Nortonville Cherokees batting - Pitching for Salem Misfits : RHP Dave Hindman
Batting: RHB Joel Lee 0-0: Called Strike
0-1: Ball
1-1: Foul Ball, location: 2F
1-2: Foul Ball, location: 2F
1-2: Ball
2-2: Ball
3-2: Strikes out swinging
Batting: LHB Francisco Sánchez 0-0: Called Strike
0-1: Foul Ball, location: 2F
0-2: Foul Ball, location: 2F
0-2: Ball
1-2: Fly out, F6 (Popup, 56)
Batting: RHB Sapto Mainaky 0-0: Called Strike
0-1: Called Strike
0-2: Foul Ball, location: 2F
0-2: Foul Ball, location: 2F
0-2: Ball
1-2: Ground out 5-3 (Groundball, 5)
Bottom of the 3rd over - 0 run(s), 0 hit(s), 0 error(s), 0 left on base; Salem 2 - Nortonville 6
TOP OF THE 4TH
Salem Misfits batting - Pitching for Nortonville Cherokees : RHP Jim Unknown
Batting: LHB Jim Unknown 0-0: Foul Ball, location: 2F
0-1: SINGLE (Popup, 8LS)
Batting: LHB Jim Unknown 0-0: Ball
1-0: Ball
2-0: Foul Ball, location: 2F
2-1: Foul Ball, location: 2F
2-2: Ball
3-2: Base on Balls
Jim Unknown to second
Batting: RHB Miguel Torres 0-0: Fly out, F9 (Line Drive, 9S)
Batting: RHB Jim Unknown 0-0: Ball
1-0: Called Strike
1-1: Foul Ball, location: 2F
1-2: Grounds into double play, 5-4-3 (Groundball, 56)
Top of the 4th over - 0 run(s), 1 hit(s), 0 error(s), 1 left on base; Salem 2 - Nortonville 6
BOTTOM OF THE 4TH
Nortonville Cherokees batting - Pitching for Salem Misfits : RHP Dave Hindman
Batting: RHB Roy Childress 0-0: Called Strike
0-1: Ball
1-1: SINGLE (Groundball, 56D)
Batting: RHB Chris Oudekirk 0-0: Ball
1-0: Called Strike
1-1: Called Strike
1-2: Ball
2-2: Strikes out swinging
Batting: SHB Jim Unknown 0-0: Hit by Pitch
Roy Childress to second
Batting: RHB Ernest Lee 0-0: Ground out 4-3 (Groundball, 4M)
Roy Childress to third
Jim Unknown to second
Batting: RHB Greg Terry 0-0: Ball
1-0: Ball
2-0: Ball
3-0: Called Strike
3-1: Base on Balls
Batting: RHB Jean Lemaire 0-0: Called Strike
0-1: Swinging Strike
0-2: Strikes out swinging
Bottom of the 4th over - 0 run(s), 1 hit(s), 0 error(s), 3 left on base; Salem 2 - Nortonville 6
TOP OF THE 5TH
Salem Misfits batting - Pitching for Nortonville Cherokees : RHP Jim Unknown
Batting: RHB Jim Unknown 0-0: Ball
1-0: Ball
2-0: Foul Ball, location: 2F
2-1: Ball
3-1: Foul Ball, location: 2F
3-2: Base on Balls
Batting: RHB Jim Unknown 0-0: Ball
1-0: Foul Ball, location: 2F
1-1: Ball
2-1: Foul Ball, location: 2F
2-2: SINGLE (Groundball, 4M)
Jim Unknown to second
Batting: RHB Ignacio García 0-0: Swinging Strike
0-1: Foul Ball, location: 2F
0-2: Strikes out swinging
Batting: RHB Jim Unknown 0-0: Called Strike
0-1: Ball
1-1: Foul Ball, location: 2F
1-2: Foul Ball, location: 2F
1-2: Strikes out swinging
Batting: RHB Jim Unknown 0-0: Called Strike
0-1: Fly out, F7 (Flyball, 78M)
Top of the 5th over - 0 run(s), 1 hit(s), 0 error(s), 2 left on base; Salem 2 - Nortonville 6
BOTTOM OF THE 5TH
Nortonville Cherokees batting - Pitching for Salem Misfits : RHP Dave Hindman
Pitching: RHP Ben Smith
Batting: RHB Joel Lee 0-0: Foul Ball, location: 2F
0-1: Fly out, F8 (Flyball, 8LM)
Batting: LHB Francisco Sánchez 0-0: Ball
1-0: Ball
2-0: Foul Ball, location: 2F
2-1: Called Strike
2-2: Ball
3-2: Base on Balls
Batting: RHB Sapto Mainaky 0-0: Called Strike
0-1: Ball
1-1: Grounds into double play, 5-4-3 (Groundball, 56)
Bottom of the 5th over - 0 run(s), 0 hit(s), 0 error(s), 0 left on base; Salem 2 - Nortonville 6
TOP OF THE 6TH
Salem Misfits batting - Pitching for Nortonville Cherokees : RHP Jim Unknown
Batting: LHB Jim Unknown 0-0: Swinging Strike
0-1: Swinging Strike
0-2: Ball
1-2: Strikes out swinging
Batting: LHB Jim Unknown 0-0: Called Strike
0-1: Ball
1-1: Ball
2-1: SOLO HOME RUN (Flyball, 89XD), Distance : 389 ft
Batting: RHB Miguel Torres 0-0: Ball
1-0: Called Strike
1-1: Ball
2-1: Foul Ball, location: 2F
2-2: SINGLE (Flyball, 89M)
Batting: RHB Jim Unknown 0-0: Called Strike
0-1: Fly out, F7 (Flyball, 7LM)
Batting: RHB Jim Unknown 0-0: Ball
1-0: Called Strike
1-1: Ball
2-1: Ball
3-1: Foul Ball, location: 2F
3-2: Strikes out swinging
Top of the 6th over - 1 run(s), 2 hit(s), 0 error(s), 1 left on base; Salem 3 - Nortonville 6
BOTTOM OF THE 6TH
Nortonville Cherokees batting - Pitching for Salem Misfits : RHP Ben Smith
Batting: RHB Roy Childress 0-0: Called Strike
0-1: Foul Ball, location: 2F
0-2: Strikes out swinging
Batting: RHB Chris Oudekirk 0-0: Ball
1-0: Ball
2-0: Foul Ball, location: 2F
2-1: Ball
3-1: Base on Balls
Batting: SHB Jim Unknown 0-0: Called Strike
0-1: Swinging Strike
0-2: Foul Ball, location: 2F
0-2: Ball
1-2: Ball
2-2: Strikes out swinging
Batting: RHB Ernest Lee 0-0: Called Strike
0-1: Fielders Choice at 2nd, U6 (Groundball, 6M)
Bottom of the 6th over - 0 run(s), 0 hit(s), 0 error(s), 1 left on base; Salem 3 - Nortonville 6
TOP OF THE 7TH
Salem Misfits batting - Pitching for Nortonville Cherokees : RHP Jim Unknown
Batting: RHB Jim Unknown 0-0: SINGLE (Line Drive, 9S)
Batting: RHB Ignacio García 0-0: Sac Bunt - play at first, batter OUT! 1-4
Jim Unknown to second
Batting: RHB Jim Unknown 0-0: Ball
1-0: Called Strike
1-1: Foul Ball, location: 2F
1-2: Foul Ball, location: 2F
1-2: Ground out 5-3 (Groundball, 56S)
Jim Unknown to third
Pitching: RHP Juan Martínez
Batting: RHB Jim Unknown 0-0: Ball
1-0: Swinging Strike
1-1: Ground out 3-1 (Groundball, 34S)
Top of the 7th over - 0 run(s), 1 hit(s), 0 error(s), 1 left on base; Salem 3 - Nortonville 6
BOTTOM OF THE 7TH
Nortonville Cherokees batting - Pitching for Salem Misfits : RHP Ben Smith
Pitching: RHP Tom Rosas
Batting: RHB Greg Terry 0-0: Swinging Strike
0-1: Ground out 6-3 (Groundball, 6)
Batting: RHB Jean Lemaire 0-0: Ground out 5-3 (Groundball, 56)
Batting: RHB Joel Lee 0-0: Called Strike
0-1: Ball
1-1: Called Strike
1-2: Foul Ball, location: 2F
1-2: Strikes out swinging
Bottom of the 7th over - 0 run(s), 0 hit(s), 0 error(s), 0 left on base; Salem 3 - Nortonville 6
TOP OF THE 8TH
Salem Misfits batting - Pitching for Nortonville Cherokees : RHP Juan Martínez
Batting: LHB Jim Unknown 0-0: Called Strike
0-1: Ball
1-1: SOLO HOME RUN (Flyball, 9D), Distance : 365 ft
Batting: LHB Jim Unknown 0-0: Called Strike
0-1: Foul Ball, location: 2F
0-2: Ball
1-2: Ball
2-2: SINGLE (Line Drive, 7S)
Pitching: RHP Gunner Hanna
Batting: RHB Miguel Torres 0-0: Fly out, F8 (Flyball, 89M)
Batting: RHB Jim Unknown 0-0: Ball
1-0: Called Strike
1-1: Swinging Strike
1-2: Ball
2-2: Ball
3-2: Grounds into double play, 6-4-3 (Groundball, 6)
Top of the 8th over - 1 run(s), 2 hit(s), 0 error(s), 0 left on base; Salem 4 - Nortonville 6
BOTTOM OF THE 8TH
Nortonville Cherokees batting - Pitching for Salem Misfits : RHP Tom Rosas
Batting: LHB Francisco Sánchez 0-0: Called Strike
0-1: Swinging Strike
0-2: Fly out, F8 (Flyball, 8LM)
Batting: RHB Sapto Mainaky 0-0: Swinging Strike
0-1: Fly out, F4 (Line Drive, 4M)
Batting: RHB Roy Childress 0-0: Ball
1-0: Swinging Strike
1-1: Swinging Strike
1-2: Foul Ball, location: 2F
1-2: Strikes out swinging
Bottom of the 8th over - 0 run(s), 0 hit(s), 0 error(s), 0 left on base; Salem 4 - Nortonville 6
TOP OF THE 9TH
Salem Misfits batting - Pitching for Nortonville Cherokees : RHP Gunner Hanna
Pitching: RHP Patrick Edwards
Batting: RHB Jim Unknown 0-0: Called Strike
0-1: Ball
1-1: SINGLE (Flyball, 9LS)
Batting: RHB Jim Unknown 0-0: Called Strike
0-1: Foul Ball, location: 2F
0-2: Ball
1-2: Ball
2-2: Strikes out swinging
Pinch Hitting: RHB Jim Unknown 0-0: Ball
1-0: Called Strike
1-1: Ball
2-1: Called Strike
2-2: Foul Ball, location: 2F
2-2: Reached on Error, E8 (Flyball, 8LM)
Jim Unknown to second
Pinch Runner at 2nd Jim Unknown:
Batting: RHB Jim Unknown 0-0: Ball
1-0: SINGLE (Line Drive, 4MD)
Jim Unknown to third
Jim Unknown to second
Batting: RHB Jim Unknown 0-0: SINGLE (Flyball, 89S)
Jim Unknown scores
Jim Unknown to third
Jim Unknown to second
Batting: LHB Jim Unknown 0-0: Ball
1-0: Called Strike
1-1: Ball
2-1: Called Strike
2-2: Ball
3-2: Foul Ball, location: 2F
3-2: Base on Balls
Jim Unknown scores
Jim Unknown to third
Jim Unknown to second
Batting: LHB Jim Unknown 0-0: Ball
1-0: Swinging Strike
1-1: Ball
2-1: Ball
3-1: Base on Balls
Jim Unknown scores
Jim Unknown to third
Jim Unknown to second
Pitching: LHP Melvin Henry
Batting: RHB Miguel Torres 0-0: Ball
1-0: Swinging Strike
1-1: Ball
2-1: Ball
3-1: Foul Ball, location: 2F
3-2: Fly out, F8 (Flyball, 8LM)
Batting: RHB Jim Unknown 0-0: Ball
1-0: SINGLE (Groundball, 4MD)
Jim Unknown scores
Jim Unknown to third
Jim Unknown to second
Runner from 3rd tries for Home, throw and OUT!
Top of the 9th over - 4 run(s), 4 hit(s), 1 error(s), 2 left on base; Salem 8 - Nortonville 6
BOTTOM OF THE 9TH
Nortonville Cherokees batting - Pitching for Salem Misfits : RHP Tom Rosas
Pitching: RHP Artie Chávez
Now at 2B: Jim Unknown
Now in RF: Jim Unknown
Batting: RHB Chris Oudekirk 0-0: Called Strike
0-1: Called Strike
0-2: Ball
1-2: Strikes out looking
Batting: SHB Jim Unknown 0-0: Foul Ball, location: 2F
0-1: Fly out, F3 (Popup, 3F)
Batting: RHB Ernest Lee 0-0: Ball
1-0: Ball
2-0: Ball
3-0: Called Strike
3-1: Base on Balls
Pinch Hitting: LHB Jafar Taha 0-0: Ball
Wild Pitch!
Ernest Lee to second
1-0: Ground out 4-3 (Groundball, 4)
Bottom of the 9th over - 0 run(s), 0 hit(s), 0 error(s), 1 left on base; Salem 8 - Nortonville 6
This league is powered by Out of the Park Baseball, the baseball management simulation game for PC, Mac and Linux
Saturday, February 27th, 2021 - OOTP Baseball 15.6 Build 34